 Dungeon Crawl Stone Soup version 0.23.2-30-g0e89c35649 (webtiles) character file.

Game seed: 7576071870360611414

3665 Matador8 the Merchant of Misery (level 9, 0/68 HPs)
             Began as a Vampire Necromancer on June 23, 2019.
             Was a Believer of Kikubaaqudgha.
             Slain by a troll (8 damage)
             ... on level 9 of the Dungeon.
             The game lasted 01:28:00 (12035 turns).

Matador8 the Merchant of Misery (VpNe)             Turns: 12035, Time: 01:28:04

Health: 0/68       AC:  0    Str:  8    XL:     9   Next: 89%
Magic:  9/16       EV: 20    Int: 20    God:    Kikubaaqudgha [**....]
Gold:   460        SH:  0    Dex: 19    Spells: 4/18 levels left

rFire    . . .     SeeInvis +   (weapon currently unavailable)
rCold    + . .     Gourm    .   (shield currently unavailable)
rNeg     + + .     Faith    .   (armour currently unavailable)
rPois    +         Spirit   .   (helmet currently unavailable)
rElec    .         Reflect  .   (cloak currently unavailable)
rCorr    .         Harm     .   (gloves currently unavailable)
MR       .....                  (boots currently unavailable)
Stlth    ++++++....             (no amulet)
HPRegen  0.10/turn              (ring currently unavailable)
MPRegen  0.15/turn              (ring currently unavailable)

@: bat-form, flying, regenerating slowly, very quick
A: tiny, fangs 3, see invisible
a: End Transformation, Receive Corpses, Renounce Religion


You were on level 9 of the Dungeon.
You worshipped Kikubaaqudgha.
Kikubaaqudgha was pleased with you.
You were very thirsty.
You were in vampire-bat-form.
You visited 2 branches of the dungeon, and saw 10 of its levels.
You also visited: Sewer.

You collected 460 gold pieces.

Inventory:

Hand Weapons
 h - a +0 dagger
 s - a +0 trident
 w - a +0 halberd of freezing
 z - the +8 falchion of Ryogut {slice, rPois Str+2 Dex-2}
   (You took it off an orc on level 5 of the Dungeon)

   It inflicts extra damage upon your enemies.
   It affects your strength (+2).
   It affects your dexterity (-2).
   It protects you from poison.
 F - a +2 long sword of slicing (melded)
 H - a +1 whip of electrocution
Armour
 a - a +0 robe
 d - a +3 chain mail
 l - a +0 leather armour (melded)
 p - a +0 cloak (melded)
 y - the +0 helmet of Articulation (melded) {Dex+5}
   (You found it on level 4 of the Dungeon)

   It affects your dexterity (+5).
 A - a +0 shield
 I - a +0 pair of gloves (melded)
 P - the +2 ring mail of the Endless Wars {+Fly rC+ Int+2 Dex+3, unknown}
   (You found it on level 9 of the Dungeon)

   It affects your intelligence (+2).
   It affects your dexterity (+3).
   It protects you from cold.
   It lets you fly.
Magical Staves
 O - an uncursed staff of energy {unknown}
 R - an uncursed staff of fire {unknown}
Wands
 L - a wand of flame (21)
 M - a wand of random effects (20)
Scrolls
 b - 4 scrolls of teleportation
 f - 2 scrolls of fear {unknown}
 i - 4 scrolls of magic mapping
 j - 4 scrolls of remove curse
 k - a scroll of enchant armour {unknown}
 m - 5 scrolls of identify
 n - 3 scrolls of amnesia
 q - 2 scrolls of enchant weapon {unknown}
 u - a scroll of fog {unknown}
 B - 2 scrolls of blinking {unknown}
 C - a scroll of random uselessness {unknown}
 E - 2 scrolls of acquirement {unknown}
 J - 2 scrolls of summoning {unknown}
 Q - a scroll of immolation {unknown}
Potions
 c - 4 potions of blood
 e - a potion of magic {unknown}
 g - 4 potions of curing
 o - 2 potions of lignification
 r - 7 potions of heal wounds
 t - 2 potions of brilliance
 v - a potion of invisibility {unknown}
 x - a potion of cancellation {unknown}
 D - a potion of resistance {unknown}
 G - a potion of ambrosia {unknown}
 K - a potion of mutation {unknown}
 N - 2 potions of might {unknown}


   Skills:
 - Level 5.3 Fighting
 * Level 5.3 Long Blades
 - Level 4.0 Polearms
 - Level 2.1 Dodging
 - Level 6.2 Stealth
 + Level 5.3 Spellcasting
 - Level 6.9 Hexes
 - Level 3.1 Charms
 + Level 8.1 Necromancy


You had 4 spell levels left.
You knew the following spells:

 Your Spells              Type           Power        Failure   Level  Hunger
a - Pain                  Necr           ####         1%          1    None
b - Animate Skeleton      Necr           N/A          1%          1    None
c - Vampiric Draining     Necr           #####.....   1%          3    ##.....
d - Regeneration          Chrm/Necr      ####......   3%          3    ##.....
e - Confuse               Hex            ####....     1%          3    ##.....
f - Tukima's Dance        Hex            ####....     1%          3    ##.....

Your spell library contained the following spells:

 Spells                   Type           Power        Failure   Level  Hunger
 Corona                   Hex            ####...      1%          1    None
 Sublimation of Blood     Necr           #####.....   1%          2    None
 Ensorcelled Hibernation  Hex/Ice        ###...       4%          2    None
 Animate Dead             Necr           N/A          4%          4    ####...
 Dazzling Spray           Conj/Hex       ###...       9%          3    ##.....


Dungeon Overview and Level Annotations

Branches:
Dungeon (9/15)             Temple (1/1) D:6
   Lair: D:8-11         Orc: D:9-12

Altars:
Ashenzari
Cheibriados
Dithmenos
Elyvilon
Fedhas
Gozag
Hepliaklqana
Kikubaaqudgha
Makhleb
Nemelex Xobeh
Okawaru
Ru
Sif Muna
Trog
Uskayaw
Vehumet
Wu Jian
Xom
Zin
The Shining One

Shops:
D:5 (   D:6 [   D:8 =

Annotations:
D:5 Eustachio
D:9 5 runed translucent doors


Innate Abilities, Weirdness & Mutations

You heal slowly.
You have razor-sharp teeth.
You have supernaturally acute eyesight. (SInv)
((You can survive without breathing.))


Message History

Your orc skeleton hits the troll with a +0 club.
You swap places.
The troll bites your orc skeleton!
Your orc skeleton is destroyed!
You fail to use your ability.
Your orc skeleton hits the troll with a +0 club.
You fail to use your ability.
The troll closely misses you. The troll barely misses you. The troll claws you!
* * * LOW HITPOINT WARNING * * *
There is a stone staircase leading up here.
You fail to use your ability.
The troll bites you but does no damage. The troll closely misses you.
The troll completely misses you.
You turn into a vampire bat.
Your +2 long sword of slicing melds into your body.
Your +0 cloak melds into your body.
The +0 helmet of Articulation {Dex+5} melds into your body.
Your +0 pair of gloves melds into your body.
Your +0 leather armour melds into your body.
The troll bites you!
You die...
Kikubaaqudgha rasps: "You have failed me!
Welcome... oblivion!"

###############################
...............................
.................##......#..#..
.......#....##...##..##..#.....
.......#....##...##......).....
.......#....##...##.....######.
.......#.....)bTZ<..#####
.......#.#######....#
#......#.# #....# #......#.#
#....# #......#.# ####....#
###......#.# #...##'##
.........#.# #.#.#....
.........#.# #...#....o.
.........#.# #...# .##..#


You could see a troll and a friendly orc skeleton.

Vanquished Creatures
  Pikel (D:4)
  A wyvern (D:8)
  A hungry ghost (D:7)
  A steam dragon (D:8)
  2 orc warriors
  2 sky beasts
  2 ogres
  4 slaves
  A phantom (D:9)
  A centaur (D:5)
  2 big kobolds
  3 bullfrogs
  3 scorpions
  7 killer bees (D:8)
  3 howler monkeys
  3 crimson imps
  A quasit (D:9)
  A centaur skeleton (D:8)
  2 hounds (D:8)
  Crazy Yiuf (D:7)
  A gnoll shaman (D:5)
  2 jellies
  An orc wizard (D:5)
  4 orc priests
  2 iguanas
  4 worker ants
  A hound zombie (D:9)
  2 worker ant zombies (D:7)
  9 gnolls
  16 adders
  A shadow imp (D:5)
  3 oozes
  An adder skeleton (D:4)
  5 worms
  A dart slug (D:1)
  9 leopard geckos
  23 orcs
  2 ball pythons (D:3)
  10 giant cockroaches
  7 goblins
  3 hobgoblins
  16 jackals
  6 quokkas
  11 bats
  2 frilled lizards
  A giant cockroach zombie (D:5)
  14 kobolds
  2 quokka skeletons (D:4)
  6 rats
207 creatures vanquished.

Vanquished Creatures (collateral kills)
  A hungry ghost (D:8)
  A hound (D:9)
  A bullfrog skeleton (D:8)
  A worker ant (D:9)
  2 gnolls
  2 worms (D:2)
  A ball python (D:2)
  A giant cockroach (D:2)
  2 hobgoblins (D:2)
  3 jackals (D:2)
  2 kobolds
17 creatures vanquished.

Vanquished Creatures (others)
  A plant (D:4)
1 creature vanquished.

Grand Total: 225 creatures vanquished

Notes
Turn   | Place    | Note
-------+----------+-------------------------------------------
     0 | D:1      | Matador8 the Vampire Necromancer began the quest for the
                  | Orb.
     0 | D:1      | Reached XP level 1. HP: 13/13 MP: 3/3
    11 | D:1      | Learned a level 1 spell: Animate Skeleton
   353 | D:1      | Reached XP level 2. HP: 19/19 MP: 3/5
   522 | D:1      | Reached skill level 5 in Necromancy
  1192 | D:2      | Reached XP level 3. HP: 22/24 MP: 3/6
  1199 | D:2      | Learned a level 3 spell: Vampiric Draining
  1249 | D:2      | Found a bloodstained altar of Trog.
  1256 | D:2      | Found a sparkling altar of Nemelex Xobeh.
  1257 | D:2      | Found a shimmering altar of Xom.
  1262 | D:2      | Found an iron altar of Okawaru.
  1266 | D:2      | Found a hazy altar of Hepliaklqana.
  1721 | D:2      | Reached XP level 4. HP: 26/30 MP: 4/8
  2625 | D:2      | Reached skill level 6 in Necromancy
  2860 | D:3      | Reached XP level 5. HP: 31/35 MP: 7/10
  2862 | D:3      | Found a glowing drain.
  2893 | D:3      | Learned a level 3 spell: Regeneration
  2925 | Sewer    | Entered a sewer
  2999 | Sewer    | Noticed a crocodile
  3332 | D:3      | Reached skill level 1 in Charms
  4152 | D:4      | Reached skill level 1 in Polearms
  4276 | D:4      | Reached XP level 6. HP: 32/41 MP: 8/11
  4788 | D:4      | Got a dazzling helmet
  5262 | D:4      | Noticed Pikel
  5262 | D:4      | Noticed a slave
  5262 | D:4      | Noticed a slave
  5262 | D:4      | Noticed a slave
  5262 | D:4      | Noticed a slave
  5290 | D:4      | Killed a slave
  5298 | D:3      | Killed a slave
  5444 | D:3      | Killed a slave
  5472 | D:3      | Killed a slave
  5935 | D:4      | Identified the cursed +0 helmet of Articulation {Dex+5}
                  | (You found it on level 4 of the Dungeon)
  5947 | D:5      | Entered Level 5 of the Dungeon
  6157 | D:5      | Found Upeit's Weapon Shop.
  6220 | D:5      | Noticed Eustachio
  6261 | D:5      | Reached XP level 7. HP: 46/46 MP: 11/13
  6799 | D:5      | Identified the +8 falchion of Ryogut {slice, rPois Str+2
                  | Dex-2}
  6887 | D:6      | Learned a level 3 spell: Confuse
  7075 | D:6      | Reached skill level 1 in Hexes
  7268 | D:6      | Learned a level 3 spell: Tukima's Dance
  7352 | D:6      | Reached skill level 5 in Stealth
  8017 | D:5      | Reached XP level 8. HP: 42/53 MP: 1/14
  8091 | D:6      | Found a staircase to the Ecumenical Temple.
  8100 | D:6      | Reached skill level 1 in Fighting
  8105 | Temple   | Entered the Ecumenical Temple
  8133 | Temple   | Became a worshipper of Kikubaaqudgha
  8231 | D:6      | Found Lube's Antique Armour Boutique.
  8365 | D:4      | Killed Pikel
  8601 | D:7      | Found a burning altar of Makhleb.
  8640 | D:7      | Found a glowing silver altar of Zin.
  8640 | D:7      | Noticed an angel
  8640 | D:7      | Noticed a balrug
  8791 | D:7      | Noticed a hippogriff
  9190 | D:5      | Reached skill level 5 in Fighting
  9315 | D:5      | Reached XP level 9. HP: 50/68 MP: 15/15
 10077 | D:7      | Found a runed translucent door.
 10078 | D:7      | Noticed Crazy Yiuf
 10088 | D:7      | Killed Crazy Yiuf
 10164 | D:8      | Reached skill level 1 in Long Blades
 10170 | D:8      | Reached skill level 7 in Necromancy
 10345 | D:8      | Reached * piety under Kikubaaqudgha
 10345 | D:8      | Identified Kikubaaqudgha's Volume of Darkness
                  | (Kikubaaqudgha gifted it to you on level 8 of the Dungeon)
 10345 | D:8      | Received a gift from Kikubaaqudgha
 11017 | D:8      | Found Nefits's Jewellery Emporium.
 11402 | D:9      | Got a shimmering ring mail
 11421 | D:9      | Found the +9 staff of Olgreb {rPois}
 11425 | D:9      | Found a runed translucent door.
 11430 | D:9      | Found a runed translucent gate.
 11430 | D:9      | Found a runed translucent gate.
 11431 | D:9      | Found a runed translucent door.
 11446 | D:9      | Found a runed translucent gate.
 11535 | D:9      | Reached skill level 5 in Spellcasting
 11583 | D:9      | Reached ** piety under Kikubaaqudgha
 11583 | D:9      | Reached skill level 5 in Long Blades
 11591 | D:9      | Reached skill level 8 in Necromancy
 11885 | D:9      | Noticed a troll
 12035 | D:9      | Slain by a troll

Skill      XL: |  1  2  3  4  5  6  7  8  9 |
---------------+----------------------------+-----
Necromancy     | 5 6 8 |  8.1
Spellcasting   | 3 4 5 |  5.3
Charms         | 2 3 |  3.1
Polearms       | 1 3 4 |  4.0
Stealth        | 6 |  6.2
Hexes          | 4 6 |  6.9
Fighting       | 5 |  5.3
Long Blades    | 5 |  5.3
Dodging        | |  2.1

Action                   |  1- 3 |  4- 6 |  7- 9 || total
-------------------------+-------+-------+-------++-------
Melee: Dagger            |    30 |    72 |       ||   102
       Bite              |     2 |    12 |    38 ||    52
       Unarmed           |       |     9 |       ||     9
       Trident           |       |    91 |   292 ||   383
       Long sword        |       |       |    58 ||    58
 Cast: Pain              |    52 |    93 |    88 ||   233
       Vampiric Draining |     4 |    31 |    60 ||    95
       Animate Skeleton  |     2 |    14 |    24 ||    40
       Regeneration      |       |     2 |    15 ||    17
 Abil: Bat Form          |       |     3 |     4 ||     7
       End Transformatio |       |     3 |     3 ||     6
  Use: Potion            |     3 |    13 |    14 ||    30
       Scroll            |       |     6 |     4 ||    10
 Stab: Sleeping          |     1 |    13 |    13 ||    27
       Distracted        |       |       |     1 ||     1
Armor: Robe              |     2 |       |       ||     2
       Leather armour    |     7 |    53 |   115 ||   175
Dodge: Dodged            |    32 |   131 |   256 ||   419
       Rpst.: Long sword |       |       |    18 ||    18
